[Event "Azerbaijan-ch 1st League 2025"]
[Site "Baku"]
[Date "2025.01.12"]
[Round "7.1"]
[White "Ahmad, Khagan"]
[Black "Ibrahimli, Murad"]
[Result "0-1"]
[Annotator "TA"]
[ECO "D93"]
[WhiteElo "2406"]
[BlackElo "2415"]
[PlyCount "72"]
[EventDate "2025.01.05"]
[EventType "swiss"]
[EventCountry "AZE"]
[SourceTitle "playchess.com"]
[Source "ChessBase"]
[SourceQuality "1"]
[TimeControl "40/5400+30:1800+30"]

1. Nf3 d5 2. d4 c6 3. c4 Nf6 4. Nc3 g6 5. Bf4 Bg7 6. e3 O-O 7. Be2 Ne4 8. O-O Nxc3 9. bxc3 dxc4 10. Bxc4 Nd7 11. e4 Qa5 12. Qd2 Nb6 13. Bb3 c5 14. Bh6 cxd4 15. cxd4 (15. Bxg7 $16 Kxg7 16. Qxd4+ (16. Nxd4 Bd7 $11) 16... Kg8 17. e5) 15... Qxd2 $11 16. Bxd2 Bg4 17. Be3 Rac8 18. Rac1 Bd7 $1 19. d5 Bb5 20. Rfd1 Bb2 21. Rxc8 Rxc8 22. h4 Ba3 23. h5 gxh5 24. Nd4 {[%emt 0:06:44] Repels Be2} Be8 25. Bg5 h6 26. Bxh6 a5 27. Rd3 Kh7 28. Bd2 (28. Nf5 $5) 28... Nc4 29. Bf4 (29. Rc3 $5 b5 30. Bxc4 Rxc4 31. Rxc4 (31. Rxa3 Rxd4 32. Bxa5 Rxe4 $11) 31... bxc4 32. Bxa5 $11) 29... f6 30. Rg3 Bd6 31. Bxd6 Nxd6 32. Ne6 $2 {[%emt 0:00:04] [#]} (32. Bc2 $11 {and White stays safe.} Bg6 33. Bd3 Rc1+ (33... Bxe4 34. Bxe4+ Nxe4 35. Re3 $11) (33... Nxe4 34. Rxg6 Kxg6 35. Bxe4+ Kg7 36. Nc2 $14) 34. Kh2 Bxe4 (34... Nxe4 35. Rxg6 Kxg6 36. Bxe4+ Kf7 37. Nf5 $16) 35. Bxe4+ Nxe4 36. Re3 Nxf2 37. Rxe7+ Kg6 38. Nf3) 32... Kh8 (32... a4 $1 $19 33. Rg7+ Kh6 34. Bxa4 (34. Bd1 $2 Rc1 $19) 34... Bxa4 35. Rxe7 Nxe4 36. Rxb7 Rc1+ 37. Kh2 Nxf2) 33. e5 fxe5 $19 {[%emt 0:00:12] Threatens to win with ...a4.} 34. Kh2 Rc1 (34... a4 $19 35. Bd1 Rc1 36. Bxh5 Bxh5) 35. a3 $2 (35. a4 $17 {was necessary.}) 35... a4 36. Ba2 $2 (36. Bxa4 {is the only way for White.} Bxa4 37. Rg5) 36... Ra1 0-1

[Event "Azerbaijan-ch 1st League 2025"]
[Site "Baku"]
[Date "2025.01.12"]
[Round "7.2"]
[White "Atakishiyev, Elmar"]
[Black "Suleymanli, Suleyman"]
[Result "1/2-1/2"]
[Annotator "RC"]
[ECO "C14"]
[WhiteElo "2408"]
[BlackElo "2280"]
[PlyCount "259"]
[EventDate "2025.01.05"]
[EventType "swiss"]
[EventCountry "AZE"]
[SourceTitle "playchess.com"]
[Source "ChessBase"]
[SourceQuality "1"]
[TimeControl "40/5400+30:1800+30"]

1. e4 e6 2. d4 d5 3. Nc3 Nf6 4. Bg5 Be7 5. e5 Nfd7 6. h4 Bxg5 7. hxg5 Qxg5 8. Nh3 Qh4 9. g3 Qe7 10. Qg4 g6 11. Ng5 h6 12. O-O-O Nc6 13. Qf4 Nf8 14. Nf3 g5 15. Qe3 Ng6 16. Bd3 Bd7 17. Bxg6 fxg6 18. Qxg5 Qxg5+ 19. Nxg5 Ke7 20. Nh3 Raf8 21. f4 g5 22. Ne2 Be8 23. Rdg1 Bh5 24. g4 Bg6 25. c3 Bd3 26. Kd2 Bxe2 27. Kxe2 gxf4 28. Rf1 Rhg8 29. Rhg1 f3+ 30. Rxf3 Rxf3 31. Kxf3 Nd8 32. Nf4 Nf7 33. Kg3 Ng5 34. Rf1 Rg7 35. Rh1 Ne4+ 36. Kf3 Ng5+ 37. Ke3 Nf7 38. Rg1 Rg8 39. Nh5 c5 40. Nf6 Rc8 41. Kd3 cxd4 42. cxd4 Ng5 43. Rh1 Nf7 44. Rf1 Ng5 45. Rh1 Nf7 46. b3 a5 47. Kd2 b5 48. a3 Rc7 49. Rh3 b4 50. axb4 axb4 51. Rh1 Rc3 52. Ra1 Ng5 53. Ra7+ Kd8 54. Ng8 Nf3+ 55. Kd1 Nxd4 56. Nxh6 Rxb3 57. Nf7+ Ke8 58. g5 Rg3 59. Nd6+ Kf8 60. Rf7+ Kg8 61. Rb7 Rxg5 62. Rxb4 Nc6 63. Rb7 Rg7 64. Rb6 Nxe5 65. Rb8+ Kh7 66. Re8 Rg6 67. Re7+ Kh6 68. Nb5 Nc6 69. Rc7 e5 70. Nc3 d4 71. Ne4 Kh5 72. Ke2 Kg4 73. Rf7 Nd8 74. Nf2+ Kg5 75. Ne4+ Kh6 76. Rf5 Re6 77. Ng5 Re7 78. Nf3 Nf7 79. Kd3 Kg6 80. Nh4+ Kg7 81. Nf3 Re6 82. Nxe5 Nxe5+ 83. Kxd4 Nf7 84. Rf1 Kf8 85. Rf3 Rd6+ 86. Kc5 Rd1 87. Rf2 Ke7 88. Re2+ Kf6 89. Rf2+ Ke6 90. Ra2 Rd5+ 91. Kb4 Ne5 92. Rh2 Rd4+ 93. Kb5 Rd1 94. Rh8 Rc1 95. Re8+ Kd6 96. Rd8+ Nd7 97. Kb4 Rc7 98. Kb5 Ke5 99. Kb4 Nf6 100. Kb5 Rc1 101. Rh8 Kd4 102. Rh6 Rc5+ 103. Ka6 Rf5 104. Rh1 Nd5 105. Rd1+ Kc5 106. Rc1+ Kd6 107. Kb5 Nf4+ 108. Kb6 Rf8 109. Rc6+ Kd5 110. Rc5+ Kd4 111. Rc1 Nd5+ 112. Kb7 Rf7+ 113. Ka6 Rf6+ 114. Ka7 Ke5 115. Rd1 Kd6 116. Rc1 Rf2 117. Ka6 Rb2 118. Ka5 Nb6 119. Rh1 Kc5 120. Rh5+ Nd5 121. Ka4 Rb8 122. Ka3 Rb7 123. Ka2 Kc4 124. Rh4+ Kd3 125. Rh3+ Ne3 126. Ka3 Kd4 127. Ka4 Rb1 128. Rh4+ Kc5 129. Rh5+ Nd5 130. Ka3 1/2-1/2

[Event "Azerbaijan-ch 1st League 2025"]
[Site "Baku"]
[Date "2025.01.12"]
[Round "7.3"]
[White "Hamidov, Allahverdi"]
[Black "Aslanov, Umid"]
[Result "1/2-1/2"]
[Annotator "RC"]
[ECO "E48"]
[WhiteElo "2200"]
[BlackElo "2250"]
[PlyCount "64"]
[EventDate "2025.01.05"]
[EventType "swiss"]
[EventCountry "AZE"]
[SourceTitle "playchess.com"]
[Source "ChessBase"]
[SourceQuality "1"]
[TimeControl "40/5400+30:1800+30"]

1. d4 Nf6 2. c4 e6 3. Nc3 Bb4 4. e3 O-O 5. Bd3 c5 6. Nge2 cxd4 7. exd4 d5 8. cxd5 Nxd5 9. O-O Qh4 10. Bc2 Nc6 11. Ne4 Ba5 12. Ng5 h6 13. Nf3 Qd8 14. Qd3 f5 15. Bb3 Bc7 16. Nc3 Nxc3 17. bxc3 Na5 18. Re1 Nxb3 19. axb3 Re8 20. Ne5 Bxe5 21. Rxe5 Bd7 22. Bf4 Bc6 23. Rae1 Qf6 24. R5e3 Qh4 25. Bg3 Qg4 26. h3 Qg6 27. Qf1 Qf7 28. Be5 f4 29. Rd3 b5 30. f3 a5 31. Ra1 Bd5 32. Rd2 Rec8 1/2-1/2

[Event "Azerbaijan-ch 1st League 2025"]
[Site "Baku"]
[Date "2025.01.12"]
[Round "7.4"]
[White "Rustamov, Rustam"]
[Black "Garayev, Kanan"]
[Result "1-0"]
[Annotator "RC"]
[ECO "C78"]
[WhiteElo "2305"]
[BlackElo "2340"]
[PlyCount "115"]
[EventDate "2025.01.05"]
[EventType "swiss"]
[EventCountry "AZE"]
[SourceTitle "playchess.com"]
[Source "ChessBase"]
[SourceQuality "1"]
[TimeControl "40/5400+30:1800+30"]

1. e4 e5 2. Nf3 Nc6 3. Bb5 a6 4. Ba4 Nf6 5. O-O b5 6. Bb3 Bc5 7. a4 Rb8 8. c3 d6 9. d4 Bb6 10. a5 Ba7 11. Be3 Ra8 12. dxe5 Nxe5 13. Nxe5 dxe5 14. Qxd8+ Kxd8 15. Bxa7 Rxa7 16. Bxf7 Nxe4 17. f3 Nf6 18. Rd1+ Ke7 19. Ba2 Re8 20. Re1 Kf8 21. Nd2 c5 22. Ne4 Nxe4 23. Rxe4 Bf5 24. Re2 Rd7 25. Rae1 c4 26. Kf2 Rd5 27. g4 Bd3 28. Rd2 b4 29. cxb4 Rb8 30. Red1 Rd4 31. b3 Bc2 32. Rxc2 Rxd1 33. bxc4 Rxb4 34. c5 Rd7 35. Bc4 Ra7 36. c6 Rb8 37. Bd3 g6 38. Rc5 Ke7 39. Rc2 Kd6 40. g5 Rc7 41. Be4 Rb5 42. Ra2 Rb4 43. Kg3 Rf7 44. h4 Kc5 45. Rc2+ Rc4 46. Rb2 Rb4 47. Rc2+ Rc4 48. Rb2 Ra4 49. Rb7 Rxb7 50. cxb7 Rb4 51. h5 Kd6 52. h6 Ke6 53. Bxg6 Rxb7 54. Be4 Rd7 55. Kg4 Rf7 56. Bd3 Rf4+ 57. Kg3 Ra4 58. g6 1-0

[Event "Azerbaijan-ch 1st League 2025"]
[Site "Baku"]
[Date "2025.01.12"]
[Round "7.5"]
[White "Orujov, Farid"]
[Black "Ahmadov, Fariz"]
[Result "1-0"]
[Annotator "RC"]
[ECO "B01"]
[WhiteElo "2301"]
[BlackElo "2224"]
[PlyCount "87"]
[EventDate "2025.01.05"]
[EventType "swiss"]
[EventCountry "AZE"]
[SourceTitle "playchess.com"]
[Source "ChessBase"]
[SourceQuality "1"]
[TimeControl "40/5400+30:1800+30"]

1. e4 d5 2. exd5 Nf6 3. d4 Nxd5 4. c4 Nf6 5. Nf3 e6 6. Be2 c5 7. Nc3 cxd4 8. Qxd4 Qxd4 9. Nxd4 Bb4 10. Ndb5 Na6 11. Be3 Ne4 12. Bf3 Nec5 13. O-O-O Ke7 14. a3 Bxc3 15. Nxc3 Nd7 16. Rhe1 f6 17. b3 Ne5 18. Be4 Ng4 19. Bd4 e5 20. Nb5 Rd8 21. Bxa7 Rxd1+ 22. Rxd1 Bd7 23. Bxb7 Rxa7 24. Nxa7 Nc5 25. Bc8 Nxb3+ 26. Kb2 Nd4 27. Bxd7 Kxd7 28. Nb5 Nxf2 29. Rf1 Ng4 30. Nxd4 Ne3 31. Rf3 exd4 32. Rf4 Nxc4+ 33. Ka2 Nd6 34. Rxd4 Kc6 35. Rb4 h5 36. a4 Nb7 37. Kb3 g5 38. g3 f5 39. Kc3 Nc5 40. Kd4 Nd7 41. a5 Kc7 42. a6 Nb8 43. Rxb8 Kxb8 44. Ke5 1-0

[Event "Azerbaijan-ch 1st League 2025"]
[Site "Baku"]
[Date "2025.01.12"]
[Round "7.6"]
[White "Ughuzov, Ravan"]
[Black "Davudov, Tunar"]
[Result "1/2-1/2"]
[Annotator "RC"]
[ECO "C56"]
[WhiteElo "2250"]
[BlackElo "2225"]
[PlyCount "78"]
[EventDate "2025.01.05"]
[EventType "swiss"]
[EventCountry "AZE"]
[SourceTitle "playchess.com"]
[Source "ChessBase"]
[SourceQuality "1"]
[TimeControl "40/5400+30:1800+30"]

1. e4 e5 2. Nf3 Nc6 3. Bc4 Nf6 4. d4 exd4 5. e5 d5 6. Bb5 Ne4 7. Nxd4 Bd7 8. Bxc6 bxc6 9. O-O Bc5 10. Be3 Bb6 11. Nd2 Nxd2 12. Qxd2 c5 13. Nb3 Bb5 14. Bg5 Qd7 15. Rfe1 Qc6 16. Rad1 h6 17. Bh4 g5 18. Bg3 O-O-O 19. e6 fxe6 20. Re5 Rde8 21. Rde1 Ba6 22. Qc3 Bb7 23. f3 g4 24. Bf2 d4 25. Qc4 Rhf8 26. Nxc5 gxf3 27. g3 Re7 28. b4 Rd8 29. a3 Bxc5 30. Rxc5 Qd6 31. Rce5 d3 32. cxd3 Qxd3 33. Qc5 Red7 34. Qxa7 Qc4 35. Rc5 Qg4 36. Rb5 c6 37. Rxb7 Rxb7 38. Qa8+ Kc7 39. Qa5+ Kc8 1/2-1/2

[Event "Azerbaijan-ch 1st League 2025"]
[Site "Baku"]
[Date "2025.01.12"]
[Round "7.7"]
[White "Alizada, Pasham"]
[Black "Gurbanov, Ismayil"]
[Result "1/2-1/2"]
[Annotator "RC"]
[ECO "B15"]
[WhiteElo "2117"]
[BlackElo "2248"]
[PlyCount "122"]
[EventDate "2025.01.05"]
[EventType "swiss"]
[EventCountry "AZE"]
[SourceTitle "playchess.com"]
[Source "ChessBase"]
[SourceQuality "1"]
[TimeControl "40/5400+30:1800+30"]

1. e4 c6 2. d4 g6 3. Nc3 Bg7 4. Be3 d5 5. e5 f6 6. exf6 Nxf6 7. Qd2 O-O 8. Nf3 Ng4 9. Bf4 Nd7 10. h3 e5 11. Bg5 Ngf6 12. Nxe5 Nxe5 13. dxe5 Qe8 14. O-O-O Qxe5 15. Bf4 Qe7 16. Re1 Qf7 17. Bd6 Re8 18. Be2 Rd8 19. Qf4 g5 20. Qg3 d4 21. Nb1 Ne4 22. Bc4 Qxc4 23. Rxe4 Bf5 24. Nd2 Qd5 25. Re5 Bxe5 26. Bxe5 h6 27. h4 Re8 28. Re1 Qc5 29. Qb3+ Qd5 30. hxg5 Qxb3 31. Nxb3 hxg5 32. Nxd4 Bg6 33. Nf3 g4 34. Ng5 Re7 35. f4 gxf3 36. gxf3 Rf8 37. Kd2 Rd8+ 38. Kc1 Rd4 39. Re3 Rh4 40. Kd2 Rh5 41. f4 Rh2+ 42. Kc3 Rxc2+ 43. Kb3 Rg2 44. a3 a5 45. Kc4 Rxb2 46. Rh3 Rc2+ 47. Kb3 a4+ 48. Kxa4 Rxe5 49. fxe5 Rb2 50. Rc3 c5 51. Ka5 Be8 52. a4 Bd7 53. Rd3 b6+ 54. Ka6 Bxa4 55. Rd6 c4 56. Ne4 b5 57. e6 b4 58. Rd7 Kh8 59. Rc7 c3 60. Nf6 Rh2 61. Ka5 Bb3 1/2-1/2

[Event "Azerbaijan-ch 1st League 2025"]
[Site "Baku"]
[Date "2025.01.12"]
[Round "7.8"]
[White "Ibrahimli, Suat"]
[Black "Isbatov, Kanan"]
[Result "0-1"]
[Annotator "RC"]
[ECO "E02"]
[WhiteElo "1949"]
[BlackElo "1882"]
[PlyCount "84"]
[EventDate "2025.01.05"]
[EventType "swiss"]
[EventCountry "AZE"]
[SourceTitle "playchess.com"]
[Source "ChessBase"]
[SourceQuality "1"]
[TimeControl "40/5400+30:1800+30"]

1. c4 Nf6 2. g3 e6 3. Bg2 d5 4. Nf3 dxc4 5. Qa4+ Nbd7 6. Qxc4 a6 7. Qc2 c5 8. d4 Be7 9. O-O O-O 10. Rd1 Qb6 11. Nc3 cxd4 12. Na4 Qa5 13. Nxd4 Qh5 14. h3 Nd5 15. Nf5 exf5 16. Rxd5 Nf6 17. Rd1 Be6 18. Nb6 Rad8 19. Be3 f4 20. Bxf4 Bxh3 21. Rxd8 Bxd8 22. Bf3 Bg4 23. Nc4 Bxf3 24. exf3 Qxf3 25. Ne5 Qd5 26. Rd1 Qe6 27. Qc4 Bb6 28. Qb4 Bc7 29. Nd7 Nxd7 30. Bxc7 Nf6 31. b3 h5 32. Qd4 Qh3 33. f3 Re8 34. Qh4 Qf5 35. Qf4 Qc2 36. Rd2 Qc1+ 37. Kg2 Nd5 38. Qd4 Ne3+ 39. Kh3 Qh1+ 40. Rh2 Qf1+ 41. Kh4 Nf5+ 42. Kxh5 Nxd4 0-1

[Event "Azerbaijan-ch 1st League 2025"]
[Site "Baku"]
[Date "2025.01.12"]
[Round "7.9"]
[White "Abdulkarimli, Eljan"]
[Black "Salimov, Shovkat"]
[Result "1/2-1/2"]
[Annotator "RC"]
[ECO "D00"]
[WhiteElo "2163"]
[BlackElo "1977"]
[PlyCount "60"]
[EventDate "2025.01.05"]
[EventType "swiss"]
[EventCountry "AZE"]
[SourceTitle "playchess.com"]
[Source "ChessBase"]
[SourceQuality "1"]
[TimeControl "40/5400+30:1800+30"]

1. d4 Nf6 2. Bg5 d5 3. e3 e6 4. Nd2 c5 5. c3 Nc6 6. f4 Be7 7. Bd3 b6 8. Nh3 Bb7 9. Nf2 Qc7 10. Nf3 Nd7 11. Bxe7 Nxe7 12. Ne5 Nxe5 13. fxe5 O-O-O 14. Qg4 Rdg8 15. Nh3 Kb8 16. O-O-O g6 17. Qf4 Rf8 18. g4 cxd4 19. exd4 f5 20. exf6 Qxf4+ 21. Nxf4 Rxf6 22. Rhf1 Bc8 23. Ng2 Rhf8 24. Rxf6 Rxf6 25. Rf1 Rxf1+ 26. Bxf1 Kc7 27. Ne1 e5 28. Be2 exd4 29. cxd4 Nc6 30. Nc2 Kd6 1/2-1/2

[Event "Azerbaijan-ch 1st League 2025"]
[Site "Baku"]
[Date "2025.01.12"]
[Round "7.10"]
[White "Hajialiyev, Islam"]
[Black "Baghirov, Mahammad"]
[Result "0-1"]
[Annotator "RC"]
[ECO "A50"]
[WhiteElo "2217"]
[BlackElo "1932"]
[PlyCount "116"]
[EventDate "2025.01.05"]
[EventType "swiss"]
[EventCountry "AZE"]
[SourceTitle "playchess.com"]
[Source "ChessBase"]
[SourceQuality "1"]
[TimeControl "40/5400+30:1800+30"]

1. Nf3 Nf6 2. g3 b6 3. Bg2 Bb7 4. d4 g6 5. O-O Bg7 6. c4 O-O 7. Nc3 Ne4 8. Bd2 Nxd2 9. Qxd2 d6 10. e4 c5 11. Rad1 Na6 12. Rfe1 Nc7 13. d5 f6 14. b4 cxb4 15. Nb5 a6 16. Nxc7 Qxc7 17. Bh3 Bc8 18. Bxc8 Rfxc8 19. Qxb4 Qxc4 20. Qxb6 Qxa2 21. Nd4 Qc4 22. Nc6 Bf8 23. Qb7 Re8 24. Rc1 Qd3 25. Qd7 Qf3 26. Ra1 Qc3 27. Rac1 Qa3 28. Ra1 Qc3 29. Rec1 Qf3 30. Ra4 Bh6 31. Rca1 Be3 32. R1a2 Bc5 33. Rb2 Kf8 34. Rc4 a5 35. Qe6 a4 36. Rxc5 a3 37. Rb1 dxc5 38. d6 a2 39. Ra1 Qc3 40. dxe7+ Kg7 41. e5 Qxa1+ 42. Kg2 fxe5 43. Nxe5 Qf1+ 44. Kxf1 a1=Q+ 45. Kg2 Qa2 46. Nc4 Ra6 47. Qe5+ Rf6 48. Nd6 Qa8+ 49. f3 Qxf3+ 50. Kh3 Qc6 51. Nxe8+ Qxe8 52. Qxc5 Rf7 53. Qe5+ Kg8 54. Qd5 Qxe7 55. Qa8+ Rf8 56. Qd5+ Qf7 57. Qd6 Qf1+ 58. Kh4 Qf6+ 0-1

[Event "Azerbaijan-ch 1st League 2025"]
[Site "Baku"]
[Date "2025.01.12"]
[Round "7.11"]
[White "Rzayev, Chingiz"]
[Black "Idrisov, Tabriz"]
[Result "1-0"]
[Annotator "RC"]
[ECO "B06"]
[WhiteElo "2153"]
[BlackElo "2073"]
[PlyCount "61"]
[EventDate "2025.01.05"]
[EventType "swiss"]
[EventCountry "AZE"]
[SourceTitle "playchess.com"]
[Source "ChessBase"]
[SourceQuality "1"]
[TimeControl "40/5400+30:1800+30"]

1. e4 d6 2. Nc3 g6 3. f4 Bg7 4. Nf3 c6 5. d4 b5 6. Bd3 a6 7. Be3 Nf6 8. h3 O-O 9. O-O b4 10. Ne2 d5 11. e5 Ne4 12. Qe1 a5 13. Ng3 Nxg3 14. Qxg3 f5 15. exf6 exf6 16. f5 g5 17. h4 h6 18. hxg5 hxg5 19. Rae1 Nd7 20. Qh2 Rf7 21. Kf2 Nf8 22. Rh1 Re7 23. Qg3 Re4 24. Nd2 Re8 25. Rh5 Ra7 26. Reh1 Rd7 27. Qh3 Kf7 28. Be2 Qc7 29. Rh8 Rxe3 30. Bh5+ Ke7 31. Qxe3+ 1-0

[Event "Azerbaijan-ch 1st League 2025"]
[Site "Baku"]
[Date "2025.01.12"]
[Round "7.12"]
[White "Allajov, Ramil"]
[Black "Musayev, Eldar"]
[Result "1-0"]
[Annotator "RC"]
[ECO "B76"]
[WhiteElo "2079"]
[BlackElo "2163"]
[PlyCount "129"]
[EventDate "2025.01.05"]
[EventType "swiss"]
[EventCountry "AZE"]
[SourceTitle "playchess.com"]
[Source "ChessBase"]
[SourceQuality "1"]
[TimeControl "40/5400+30:1800+30"]

1. e4 c5 2. Nf3 d6 3. d4 cxd4 4. Nxd4 Nf6 5. Nc3 g6 6. f3 Bg7 7. Be3 Nc6 8. Qd2 O-O 9. g4 Be6 10. O-O-O Nxd4 11. Bxd4 Qa5 12. Kb1 Rfc8 13. Nd5 Qxd2 14. Rxd2 Bxd5 15. exd5 Nd7 16. f4 Bxd4 17. Rxd4 Rc5 18. g5 h6 19. h4 hxg5 20. hxg5 Kg7 21. Bd3 Nb6 22. c4 Rh8 23. Rxh8 Kxh8 24. b3 Kg7 25. Re4 Rc7 26. Kb2 Kf8 27. b4 Rc8 28. Kb3 Na8 29. Rd4 Kg7 30. Re4 Kf8 31. Re2 Nb6 32. Rh2 Kg7 33. Re2 Kf8 34. a3 Rc7 35. Rd2 Kg7 36. Bf1 Rc8 37. a4 a5 38. Bh3 Rc7 39. Rc2 axb4 40. a5 Na8 41. Ra2 Rc5 42. Bd7 Nc7 43. Bc8 Nxd5 44. Bxb7 Nxf4 45. a6 Ne6 46. a7 Nc7 47. Kxb4 Rxg5 48. Bc6 Rh5 49. Bb5 g5 50. Ka5 g4 51. Kb6 Na8+ 52. Kb7 Rh8 53. Bd7 e6 54. Rg2 f5 55. Bxe6 Kf6 56. Bc8 Kg5 57. Rg1 Rd8 58. Rd1 g3 59. c5 f4 60. Kxa8 Rxc8+ 61. Kb7 Rf8 62. cxd6 f3 63. a8=Q Rxa8 64. Kxa8 f2 65. d7 1-0

[Event "Azerbaijan-ch 1st League 2025"]
[Site "Baku"]
[Date "2025.01.12"]
[Round "7.13"]
[White "Isfandiyarli, Kamal"]
[Black "Alizada, Agshin"]
[Result "1-0"]
[Annotator "RC"]
[ECO "E74"]
[WhiteElo "2027"]
[BlackElo "2116"]
[PlyCount "65"]
[EventDate "2025.01.05"]
[EventType "swiss"]
[EventCountry "AZE"]
[SourceTitle "playchess.com"]
[Source "ChessBase"]
[SourceQuality "1"]
[TimeControl "40/5400+30:1800+30"]

1. c4 g6 2. Nc3 Bg7 3. d4 Nf6 4. e4 d6 5. Be2 O-O 6. Bg5 c5 7. d5 h6 8. Be3 e6 9. Qd2 Kh7 10. Nf3 exd5 11. exd5 Re8 12. h3 a6 13. O-O Nbd7 14. Rae1 b5 15. cxb5 axb5 16. Bxb5 Ba6 17. Bxa6 Rxa6 18. Bf4 c4 19. Nd4 Nc5 20. Nc6 Qc8 21. Rxe8 Nxe8 22. Re1 Nd3 23. Re7 Qf5 24. Bg3 Rb6 25. Na4 Ra6 26. Nc3 Rb6 27. Qe3 Rxb2 28. Qa7 Qg5 29. Rxe8 Qc1+ 30. Kh2 Qxc3 31. Qxf7 h5 32. Ne7 Qf6 33. Rh8+ 1-0

[Event "Azerbaijan-ch 1st League 2025"]
[Site "Baku"]
[Date "2025.01.12"]
[Round "7.14"]
[White "Safarli, Ramzi"]
[Black "Gulumov, Muthat"]
[Result "0-1"]
[Annotator "RC"]
[ECO "E24"]
[WhiteElo "1792"]
[BlackElo "2054"]
[PlyCount "104"]
[EventDate "2025.01.05"]
[EventType "swiss"]
[EventCountry "AZE"]
[SourceTitle "playchess.com"]
[Source "ChessBase"]
[SourceQuality "1"]
[TimeControl "40/5400+30:1800+30"]

1. d4 Nf6 2. c4 e6 3. Nc3 d5 4. Bg5 Bb4 5. a3 Bxc3+ 6. bxc3 c5 7. Bxf6 Qxf6 8. Nf3 Nc6 9. e3 O-O 10. Rb1 b6 11. Bd3 dxc4 12. Be4 Bb7 13. Qa4 Rac8 14. O-O Qe7 15. Nd2 cxd4 16. exd4 Rfd8 17. Rfe1 Qc7 18. h3 h6 19. Qc2 Ne7 20. Rb4 Bd5 21. Bxd5 exd5 22. Nf3 Ng6 23. g3 Qd7 24. Kg2 Re8 25. Rbb1 b5 26. Qb2 Rxe1 27. Nxe1 Re8 28. Nf3 a6 29. Qc2 Qd6 30. a4 Rb8 31. axb5 axb5 32. Qd2 Ne7 33. Ne1 Nc6 34. Nc2 Qg6 35. Rb2 Qe4+ 36. f3 Qe6 37. Na3 Qe7 38. Nxb5 Na5 39. Qf4 Qe8 40. Qc7 Nc6 41. Kf2 Ne7 42. Re2 Qxb5 43. Qxe7 Ra8 44. Qc5 Qd7 45. Kg2 Qf5 46. Qb4 Qd3 47. Rf2 Ra1 48. g4 Qd1 49. Kg3 Qh1 50. Qc5 g5 51. Rg2 Rg1 52. Qc8+ Kg7 0-1

[Event "Azerbaijan-ch 1st League 2025"]
[Site "Baku"]
[Date "2025.01.12"]
[Round "7.15"]
[White "Huseynov, Ahmed"]
[Black "Kazimzade, Mahammad"]
[Result "1-0"]
[Annotator "NA RC"]
[ECO "A45"]
[WhiteElo "1996"]
[BlackElo "1743"]
[PlyCount "61"]
[EventDate "2025.01.05"]
[EventType "swiss"]
[EventCountry "AZE"]
[SourceTitle "playchess.com"]
[Source "ChessBase"]
[SourceQuality "1"]
[TimeControl "40/5400+30:1800+30"]

1. d4 Nf6 2. Bg5 e6 3. c3 h6 4. Bh4 c5 5. e3 Nc6 6. Nd2 d5 7. f4 Be7 8. Bd3 cxd4 9. exd4 O-O 10. Ngf3 Ng4 11. Bxe7 Qxe7 12. Qe2 Qc7 13. h3 Nf6 14. Ne5 Nxe5 15. fxe5 Nd7 16. Qh5 a5 17. g4 f5 18. gxf5 exf5 19. O-O-O a4 20. a3 Nb6 21. Rhg1 Nc4 22. Bxc4 dxc4 23. Qxh6 f4 24. Ne4 Bf5 25. Nf6+ Rxf6 26. exf6 g6 27. Rxg6+ Bxg6 28. Qxg6+ Kh8 29. f7 Qc6 30. Qh5+ Kg7 31. Rg1+ 1-0

[Event "Azerbaijan-ch 1st League 2025"]
[Site "Baku"]
[Date "2025.01.12"]
[Round "7.16"]
[White "Azimov, Yasin"]
[Black "Baghirov, Orkhan"]
[Result "1/2-1/2"]
[Annotator "RC"]
[ECO "A63"]
[WhiteElo "1880"]
[BlackElo "1989"]
[PlyCount "185"]
[EventDate "2025.01.05"]
[EventType "swiss"]
[EventCountry "AZE"]
[SourceTitle "playchess.com"]
[Source "ChessBase"]
[SourceQuality "1"]
[TimeControl "40/5400+30:1800+30"]

1. d4 Nf6 2. c4 c5 3. d5 e6 4. Nc3 exd5 5. cxd5 d6 6. g3 g6 7. Bg2 Bg7 8. Nf3 O-O 9. O-O Re8 10. Re1 a6 11. e4 Nbd7 12. a4 Ng4 13. h3 Nge5 14. Nxe5 Nxe5 15. f4 Nc4 16. Qd3 Na5 17. Be3 Bd7 18. Qf1 Nb3 19. Rad1 Nd4 20. Rd2 b5 21. e5 dxe5 22. d6 exf4 23. Bxf4 Rxe1 24. Qxe1 Qe8 25. Qf1 Ra7 26. Nd5 Be6 27. Ne7+ Rxe7 28. dxe7 Qxe7 29. axb5 axb5 30. Kh2 g5 31. Be3 Bxh3 32. Bxd4 Bxg2 33. Bxc5 Bxf1 34. Bxe7 h6 35. Rf2 Bc4 36. Bf6 Bf8 37. Rd2 Kh7 38. Rd8 Bb4 39. Bc3 Bxc3 40. bxc3 h5 41. Rd6 Kg7 42. Kg2 f6 43. Kf3 Kg6 44. g4 h4 45. Rb6 Kf7 46. Kf2 Be6 47. Kf3 Bd7 48. Rd6 Ke7 49. Rb6 Be8 50. Kf2 Kf7 51. Rd6 Ke7 52. Rb6 Bd7 53. Kf3 Kf7 54. Rd6 Be6 55. Rb6 Bd5+ 56. Kf2 Bc4 57. Kf3 Ke7 58. Kf2 Be6 59. Kf3 Bb3 60. Kg2 Bd1 61. Kh3 Be2 62. Rc6 Bf1+ 63. Kh2 Bc4 64. Rb6 Be6 65. Kh3 Bd7 66. Ra6 f5 67. gxf5 Bxf5+ 68. Kg2 g4 69. Rh6 h3+ 70. Kg3 Be6 71. Rh5 Bd7 72. Rg5 Kd6 73. Rh5 Kc6 74. Rg5 Bc8 75. Rh5 Bd7 76. Rg5 Kd6 77. Rh5 Ke7 78. Rg5 Kf6 79. Rc5 Ke6 80. Rh5 Kf6 81. Rc5 Be8 82. Rd5 Bc6 83. Rc5 Bd7 84. Rd5 Ke6 85. Rh5 Kd6 86. Rg5 Kc7 87. Rc5+ Bc6 88. Rg5 Bd7 89. Rc5+ Kd8 90. Rh5 Ke8 91. Rc5 Kf7 92. Rg5 Kf6 93. Rc5 1/2-1/2

[Event "Azerbaijan-ch 1st League 2025"]
[Site "Baku"]
[Date "2025.01.13"]
[Round "8.1"]
[White "Ibrahimli, Murad"]
[Black "Aslanov, Umid"]
[Result "1-0"]
[Annotator "TA"]
[ECO "D00"]
[WhiteElo "2415"]
[BlackElo "2250"]
[PlyCount "87"]
[EventDate "2025.01.05"]
[EventType "swiss"]
[EventCountry "AZE"]
[SourceTitle "playchess.com"]
[Source "ChessBase"]
[SourceQuality "1"]
[TimeControl "40/5400+30:1800+30"]

1. d4 d5 2. Bf4 Nf6 3. e3 c5 4. dxc5 Nc6 5. Bb5 Bd7 6. c3 e6 7. b4 a5 8. Qb3 axb4 9. cxb4 Ne4 10. Ne2 Qf6 11. Nbc3 Nxc3 (11... g5 $14 12. Bg3 h5) 12. Nxc3 $16 d4 13. Ne4 Qg6 14. Ng3 Qf6 15. O-O e5 {[%emt 0:01:00] [#]} 16. Bxe5 $1 Nxe5 17. Bxd7+ Nxd7 18. exd4 Be7 19. Rfe1 O-O $1 20. Qd5 Rfd8 {[%emt 0:00:07][%cal Od7c5] Threatens to win with ...Nxc5!.} 21. Qxb7 Rab8 (21... Qxd4 22. Nf5 Nxc5 23. Nxe7+ (23. Qxe7 Qxb4 24. Qg5 g6 $18) (23. Qxa8 Rxa8 24. Nxd4 Bf6 $18) 23... Kh8 24. bxc5 $18) (21... Bf8 $1 $14) 22. Qe4 {[%emt 0:00:09] White is more active.} Bf8 23. a3 Qa6 {[%emt 0:01:36] [#]} 24. Qf3 (24. Qe2 $142 $1 Qc6 25. Reb1) 24... Nf6 25. Rad1 $36 {[%emt 0:00:04][%mdl 2048] White has strong initiative.} Nd5 26. Ne4 Ra8 27. Ra1 (27. Nc3 $16 Qxa3 28. Nxd5 Qxf3 29. gxf3 Rxd5 30. b5) 27... h6 (27... Nxb4 $1 $15 28. Ng5 Ra7 (28... Rxd4 29. Qxf7+ Kh8 30. Qf5 $14)) 28. g3 Qc6 29. Rad1 g6 30. Rd3 Ra7 $2 (30... Qa6 $16) 31. Nc3 $18 Qa8 32. Nxd5 Rxd5 33. Re8 {[%emt 0:00:44] Prevents Qd8.} Qc6 $2 (33... Qxe8 34. Qxd5 h5) 34. Re5 Rad7 35. Rxd5 Rxd5 {[%emt 0:00:04] [#]} 36. a4 $1 Qd7 37. Qe4 Bg7 $2 (37... h5 {keeps fighting.} 38. h4 f5) 38. a5 Bxd4 $2 (38... Qb5 39. Qxd5 Qxd3) 39. Kg2 f5 40. Qf3 {[%emt 0:00:00][%cal Oc5c6] Hoping for c6!.} g5 {[%emt 0:00:00] [#]} 41. c6 $1 g4 42. cxd7 gxf3+ 43. Kxf3 (43. Rxf3 Rxd7 44. a6 (44. Rxf5 Bc3 $18) 44... Bb6 45. Rxf5 Rd2 $11) 43... Rxd7 44. a6 1-0